Map: [ESL] NeoHumanity

Players

Creator - Winner!

  • Race: Protoss Protoss

Spirit

  • Race: Terran Terran

Event: IEM Katowice 2023

VOD

Have the link to the VOD?

Description

Time

  • Played on: Feb. 9, 2023, 9 a.m.
  • Length: 3:30

All games in this series

Show
View Real Time Build Order
Export as new Build Order

Creator Protoss - Winner!

Build Orders: 1 Gate Expand 

Get SALT Encoding   

  12  0:00  Probe  
  13  0:12  Probe  
  14  0:19  Pylon  
  14  0:24  Probe  
  15  0:37  Probe (Chrono Boost)  
  15  0:39  Gateway  
  16  0:48  Assimilator, Probe (Chrono Boost)  
  17  0:53  Probe (Chrono Boost)  
  18  1:04  Probe  
  19  1:16  Probe  
  20  1:26  Cybernetics Core  
  20  1:32  Nexus  
  20  1:39  Zealot (Chrono Boost)  
  22  1:44  Pylon  
  22  1:49  Probe  
  22  1:52  Assimilator  
  23  2:02  Probe  
  23  2:03  Stalker (Chrono Boost)  
  26  2:15  Probe  
  26  2:23  Stalker (Chrono Boost)  
  26  2:28  Probe  
  29  2:34  Pylon  
  29  2:41  Probe  
  30  2:46  Probe, Stalker  
  31  2:59  Gateway, Probe x2  
  33  3:10  Gateway  
Show
View Real Time Build Order
Export as new Build Order

Spirit Terran 

Build Orders: 1/1/1 

Get SALT Encoding   

  12  0:00  SCV  
  13  0:12  SCV  
  14  0:18  Supply Depot  
  14  0:24  SCV  
  15  0:40  SCV  
  15  0:41  Barracks  
  16  0:45  Refinery  
  16  0:52  SCV  
  16  0:55  Refinery  
  17  1:04  SCV  
  18  1:16  SCV  
  19  1:27  Marine  
  19  1:28  Orbital Command  
  20  1:34  Factory  
  20  1:43  Supply Depot  
  20  1:47  Barracks Reactor  
  21  1:54  SCV  
  21  2:06  SCV  
  22  2:18  SCV  
  22  2:20  Starport  
  23  2:23  Marine x2  
  27  2:30  SCV, Widow Mine  
  28  2:37  Supply Depot  
  28  2:40  Marine  
  28  2:42  SCV  
  29  2:51  Widow Mine  
  29  2:54  SCV  
  29  3:00  Marine x2  
  29  3:06  SCV  

Tags
 
Add a new tag
Caveats
  • Supply blocks, unpowered buildings, or Contaminate may cause inaccurate times.
  • Supply counts are checked every 10 seconds.